 Dungeon Crawl Stone Soup version 0.23.0-3-gf3c87f2 (webtiles) character file.

Game seed: 15053800296211432545

2332 zishaf the Geomancer (level 9, -15/75 HPs)
             Began as a Ghoul Earth Elementalist on Feb 20, 2019.
             Was an Initiate of Dithmenos.
             Demolished by an orc warrior
             ... wielding a +0 flail
              (21 damage)
             ... on level 7 of the Dungeon.
             The game lasted 00:22:06 (8500 turns).

zishaf the Geomancer (Ghoul Earth Elementalist)     Turns: 8500, Time: 00:22:07

Health: -15/75     AC:  3    Str: 12    XL:     9   Next: 42%
Magic:  2/12       EV: 14    Int: 13    God:    Dithmenos [......]
Gold:   373        SH:  4    Dex:  9    Spells: 3/14 levels left

rFire    . . .     SeeInvis .     - Unarmed
rCold    + . .     Gourm    .   b - +0 buckler
rNeg     + + +     Faith    .   c - +0 robe
rPois    ∞         Spirit   .   k - +0 hat
rElec    .         Reflect  .   C - scarf {cloud immunity}
rCorr    .         Harm     .   (no gloves)
MR       .....                  z - +0 pair of boots
Stlth    ++........             y - amulet of magic regeneration
HPRegen  0.00/turn              (no ring)
MPRegen  0.38/turn              l - +1 ring of evasion

@: rotting, very slow
A: rotting body, claws 1, carnivore, cold resistance 1, negative energy
resistance 3, inhibited regeneration, torment resistance, unbreathing
a: Renounce Religion


You were on level 7 of the Dungeon.
You worshipped Dithmenos.
Dithmenos was noncommittal.
You were not hungry.

You visited 2 branches of the dungeon, and saw 9 of its levels.

You collected 373 gold pieces.

Inventory:

Hand Weapons
 a - a +3 hunting sling of velocity
 w - a +1 blowgun
Missiles
 g - 40 sling bullets
 m - a throwing net
 r - 22 poisoned needles
 B - 48 stones (quivered)
Armour
 b - a +0 buckler (worn)
 c - a +0 robe (worn)
 k - a +0 hat (worn)
 s - a cursed +0 shield
 z - a +0 pair of boots (worn)
 C - a scarf of cloud immunity (worn)
Jewellery
 l - a +1 ring of evasion (right claw)
 y - an amulet of magic regeneration (around neck)
Wands
 t - a wand of enslavement (5)
 A - a wand of clouds (7)
Scrolls
 e - a scroll of magic mapping {unknown}
 j - 3 scrolls of enchant weapon
 n - 3 scrolls of remove curse
 p - 2 scrolls of identify
 q - 3 scrolls of fog
 v - a scroll of fear
 x - 3 scrolls of teleportation
 D - a scroll of blinking
 E - a scroll of amnesia {unknown}
Potions
 f - 2 potions of agility
 h - a potion of curing
 o - 4 potions of brilliance
 u - a potion of magic
Comestibles
 d - 13 rations


   Skills:
 + Level 5.7 Fighting
 - Level 3.2 Dodging
 - Level 2.1 Stealth
 + Level 3.7 Shields
 + Level 5.5 Unarmed Combat
 - Level 3.0 Spellcasting
 - Level 2.0 Conjurations
 - Level 0.8 Transmutations
 * Level 8.4 Earth Magic


You had 3 spell levels left.
You knew the following spells:

 Your Spells              Type           Power        Failure   Level  Hunger
a - Sandblast             Erth           ###...       1%          1    #......
b - Passwall              Tmut/Erth      ##......     5%          2    ###....
c - Stone Arrow           Conj/Erth      ###...       8%          3    ###....
d - Lee's Rapid Deconstr  Erth           ###.......   21%         5    ######.

Your spell library contained the following spells:

 Spells                   Type           Power        Failure   Level  Hunger
 Confusing Touch          Hex            #.....       22%         1    #......
 Confuse                  Hex            #.......     56%         3    ###....
 Gell's Gravitas          Tloc           #.........   56%         3    ###....
 Petrify                  Tmut/Erth      ##......     34%         4    #####..
 Metabolic Englaciation   Hex/Ice        #.........   99%         5    ######.
 Yara's Violent Unravell  Hex/Tmut       #.........   99%         5    ######.


Dungeon Overview and Level Annotations

Branches:
Dungeon (8/15)             Temple (1/1) D:5
   Lair: D:8-11

Altars:
Cheibriados
Dithmenos
Elyvilon
Gozag
Hepliaklqana
Kikubaaqudgha
Makhleb
Nemelex Xobeh
Okawaru
Qazlal
Ru
Sif Muna
Trog
Vehumet
Wu Jian
Zin
The Shining One
Lugonu


Innate Abilities, Weirdness & Mutations

Your body is rotting away.
You thrive on raw meat.
You are immune to poison.
You have sharp fingernails.
You are carnivorous and can eat meat at any time.
Your flesh is cold resistant. (rC+)
You are immune to negative energy. (rN+++)
You do not regenerate when monsters are visible.
You are immune to unholy pain and torment.
You can survive without breathing.


Message History

Casting: Stone Arrow (safe; 8% risk of failure)
Confirm with . or Enter, or press ? or * to list all spells.
Aiming: Stone Arrow (safe; 8% risk of failure)
Press: ? - help, Shift-Dir - straight line, f/p - orc warrior
Aim: an orc warrior, wielding a +0 flail and wearing a +0 plate armour (heavily wounded)
The stone arrow hits the orc warrior!
The orc warrior is severely wounded.
You block the orc warrior's attack.
Casting: Stone Arrow (safe; 8% risk of failure)
Confirm with . or Enter, or press ? or * to list all spells.
You don't have enough magic to cast that spell.
Unknown command.
Okay, then.
Evoke which item? (* to show all) (? for menu, Esc to quit)
Aiming: Enslavement
Press: ? - help, Shift-Dir - straight line, f/p - orc warrior
Aim: an orc warrior, wielding a +0 flail and wearing a +0 plate armour (severely wounded, chance to defeat MR: 46%)
The orc warrior resists with some effort.
The orc warrior hits you with a +0 flail!!
You die...

#......# #######
#.####.## #.....#
##.......#
#.###.#####.....#..#
#.# #<........#.#..##
#.###.######..#....).
#.....# #.......#.
###.#### ##.####.#.
#...@o.### #......#.
#.#......# ########.
#.#......######## #.
#.#.##...##.....# ##.
#.#.##.>.##.....###..
#......#.##..........
###.##.#.##.....###..
#......##..<..# ##.
#.)....##...### #.


You could see an orc warrior.

Vanquished Creatures
  Grinder (D:3)
  A hornet (D:7)
  Menkaure (D:6)
  A necrophage (D:5)
  A sky beast (D:5)
  2 ogres (D:4)
  A centaur (D:5)
  A big kobold (D:5)
  A bullfrog (D:7)
  4 scorpions
  A water moccasin skeleton (D:3)
  2 howler monkeys (D:5)
  3 crimson imps
  A centaur zombie (D:8)
  5 hounds
  3 orc priests
  A bullfrog skeleton (D:5)
  5 orc wizards (D:5)
  2 iguanas (D:4)
  2 worker ants
  11 gnolls
  7 adders
  A shadow imp (D:5)
  An ooze (D:7)
  4 worms
  8 leopard geckos
  12 orcs
  2 ball pythons
  8 bats
  8 giant cockroaches
  7 goblins
  7 hobgoblins
  8 jackals
  17 kobolds
  4 quokkas
  7 frilled lizards
  A quokka skeleton (D:4)
  8 rats
160 creatures vanquished.

Notes
Turn   | Place    | Note
-------+----------+-------------------------------------------
     0 | D:1      | zishaf the Ghoul Earth Elementalist began the quest for the
                  | Orb.
     0 | D:1      | Reached XP level 1. HP: 14/14 MP: 2/2
   143 | D:1      | Reached XP level 2. HP: 12/22 MP: 1/3
   282 | D:1      | Learned a level 2 spell: Passwall
   794 | D:1      | Reached skill level 1 in Fighting
  1379 | D:2      | Reached XP level 3. HP: 28/28 MP: 0/5
  2022 | D:2      | Found a deep blue altar of Sif Muna.
  2065 | D:2      | Reached XP level 4. HP: 16/36 MP: 0/6
  2091 | D:2      | Reached skill level 1 in Unarmed Combat
  2091 | D:2      | Reached skill level 4 in Earth Magic
  2896 | D:2      | Learned a level 3 spell: Stone Arrow
  3247 | D:3      | Reached XP level 5. HP: 33/42 MP: 2/7
  3417 | D:3      | Noticed Grinder
  3437 | D:3      | HP: 1/42 [Grinder (2)]
  3441 | D:3      | Killed Grinder
  3441 | D:3      | Reached skill level 1 in Conjurations
  3441 | D:3      | Reached XP level 6. HP: 1/51 MP: 0/8
  4260 | D:4      | Reached XP level 7. HP: 50/57 MP: 6/9
  4271 | D:4      | Learned a level 5 spell: Lee's Rapid Deconstruction
  4552 | D:4      | Reached skill level 5 in Earth Magic
  4950 | D:4      | Reached skill level 1 in Shields
  5004 | D:4      | Found an ancient bone altar of Kikubaaqudgha.
  5530 | D:4      | Reached XP level 8. HP: 64/66 MP: 7/11
  5803 | D:5      | Entered Level 5 of the Dungeon
  5864 | D:5      | Reached skill level 6 in Earth Magic
  6072 | D:5      | Found a staircase to the Ecumenical Temple.
  6155 | Temple   | Entered the Ecumenical Temple
  6402 | D:5      | Found a glowing silver altar of Zin.
  6402 | D:5      | Found an opulent altar of Gozag.
  6451 | D:5      | Reached skill level 7 in Earth Magic
  6614 | D:5      | Found a glowing golden altar of the Shining One.
  6652 | D:5      | Found a hazy altar of Hepliaklqana.
  6655 | D:5      | Found a sacrificial altar of Ru.
  6658 | D:5      | Found a snail-covered altar of Cheibriados.
  6680 | D:5      | Became a worshipper of Cheibriados the Contemplative
  6754 | D:5      | Reached skill level 5 in Fighting
  6896 | D:5      | Reached XP level 9. HP: 65/74 MP: 12/12
  7286 | D:6      | Found a shadowy altar of Dithmenos.
  7295 | D:6      | Fell from the grace of Cheibriados
  7295 | D:6      | Became a worshipper of Dithmenos the Shadowed
  7302 | D:6      | Noticed Menkaure
  7306 | D:6      | Killed Menkaure
  7306 | D:6      | Reached skill level 5 in Unarmed Combat
  7402 | D:6      | Found a radiant altar of Vehumet.
  7585 | D:6      | Noticed an orange demon
  7699 | D:7      | Reached skill level 8 in Earth Magic
  7870 | D:7      | Noticed a hornet
  7878 | D:7      | Killed a hornet
  8500 | D:7      | Demolished by an orc warrior

Skill      XL: |  1  2  3  4  5  6  7  8  9 |
---------------+----------------------------+-----
Dodging        | 2 3 |  3.2
Spellcasting   | 2 3 |  3.0
Fighting       | 1 2 3 5 |  5.7
Unarmed Combat | 1 2 3 4 5 |  5.5
Earth Magic    | 4 5 7 8 |  8.4
Conjurations   | 1 2 |  2.0
Shields        | 1 3 |  3.7
Stealth        | |  2.1
Transmutations | |  0.8

Action                   |  1- 3 |  4- 6 |  7- 9 || total
-------------------------+-------+-------+-------++-------
Melee: Unarmed           |   118 |   154 |   138 ||   410
       Punch             |       |     2 |       ||     2
 Fire: Hunting sling     |       |       |    40 ||    40
 Cast: Sandblast         |    26 |    44 |   175 ||   245
       Stone Arrow       |       |       |     6 ||     6
Evoke: Wand              |       |       |     2 ||     2
  Use: Scroll            |       |       |    14 ||    14
       Potion            |       |       |     2 ||     2
 Stab: Sleeping          |     4 |     1 |     3 ||     8
       Distracted        |     1 |       |       ||     1
  Eat: Chunk             |    12 |    19 |    20 ||    51
Armor: Robe              |    28 |    26 |    33 ||    87
Dodge: Dodged            |    95 |   122 |   173 ||   390
Block: Buckler           |       |       |    11 ||    11
